 Dungeon Crawl Stone Soup version 0.19.0 (webtiles) character file.

13541 CanadianGator the Covert (level 12, -14/109 HPs)
             Began as a Kobold Berserker on Nov 24, 2016.
             Was a High Priest of Trog.
             Demolished by an enormous slime creature (66 damage)
             ... on level 12 of the Dungeon.
             The game lasted 00:37:17 (10296 turns).

CanadianGator the Covert (Kobold Berserker)        Turns: 10296, Time: 00:37:18

Health: -14/109    AC: 13    Str: 20    XL:     12   Next: 34%
Magic:  12/12      EV: 25    Int: 12    God:    Trog [*****.]
Gold:   536        SH:  0    Dex: 19    Spells: 0 memorised, 11 levels left

rFire  + . .     SeeInvis .     q - +1 dagger (elec)
rCold  . . .     Gourm    .     E - +1 robe of the Equator {MR+ rCorr Int+6} (curse)
rNeg   . . .     Faith    .     (shield restricted)
rPois  .         Spirit   .     (no helmet)
rElec  .         Reflect  .     x - +1 cloak
rCorr  +         Harm     .     d - +1 pair of gloves
MR     +....                    l - +0 pair of boots
Stlth  ..........               (no amulet)
                                p - ring of resist corrosion
                                n - ring of stealth

@: berserking, very quick
A: iridescent scales 1, slimy green scales 1, carnivore 3, dopey 1, fire
resistance 1, sense surroundings 1
a: Berserk, Trog's Hand, Brothers in Arms, Burn Spellbooks, Renounce Religion


You were on level 12 of the Dungeon.
You worshipped Trog.
Trog was extremely pleased with you.
You were not hungry.

You visited 1 branch of the dungeon, and saw 12 of its levels.

You collected 536 gold pieces.

Inventory:

Hand Weapons
 q - a +1 dagger of electrocution (weapon)
 D - the +1 dagger of the Girdle {venom, rF++}
   (You found it on level 5 of the Dungeon)

   It poisons the flesh of those it strikes.
   It greatly protects you from fire.
 F - a +2 dagger of freezing
 G - a +2 dagger of venom
Missiles
 i - 81 bolts
Armour
 d - a +1 pair of gloves (worn)
 l - a +0 pair of boots (worn)
 m - a +0 ring mail of fire resistance
 w - a +2 robe of cold resistance
 x - a +1 cloak (worn)
 E - the cursed +1 robe of the Equator (worn) {MR+ rCorr Int+6}
   (You found it on level 6 of the Dungeon)

   It affects your intelligence (+6).
   It affects your resistance to hostile enchantments.
   It protects you from acid and corrosion.
   It has a curse placed upon it.
Jewellery
 n - a ring of stealth (left hand)
 p - a ring of resist corrosion (right hand)
 J - a +3 ring of intelligence
Wands
 e - a wand of confusion (34/48)
 h - a wand of iceblast (6/15)
 t - a wand of polymorph (21/24)
 C - a wand of flame (7/48)
Scrolls
 s - 2 scrolls of recharging
 u - 4 scrolls of remove curse
 v - 2 scrolls of enchant armour
 y - a scroll of fear
 A - a scroll of teleportation
 B - a scroll of immolation
Potions
 b - a potion of agility {unknown}
 f - a potion of brilliance
 g - a potion of flight
 j - 2 potions of curing
 H - a potion of resistance
 I - a potion of ambrosia {unknown}
 K - a potion of might {unknown}
Miscellaneous
 L - a phial of floods
Comestibles
 a - 2 beef jerkies
 c - 9 meat rations
 k - 3 royal jellies


   Skills:
 + Level 8.0 Fighting
 * Level 12.7 Short Blades
 + Level 5.7 Armour
 * Level 11.5 Dodging
 * Level 13.4 Stealth


You had 11 spell levels left.
You didn't know any spells.

Dungeon Overview and Level Annotations

Branches:
Dungeon (12/15)              Lair (0/6) D:9             Orc (0/2) D:11
 Temple: D:4-7

Altars:
Ashenzari
Cheibriados
Dithmenos
Fedhas
Makhleb
Nemelex Xobeh
Qazlal
Vehumet
Xom
Zin

Shops:
D:10 %

Portals:
Trove: D:10 (give horn of Geryon)


Innate Abilities, Weirdness & Mutations

You are small and have problems with some larger weapons.
You are carnivorous and can eat meat at any time.
You are partially covered in iridescent scales. (AC +2)
You are partially covered in slimy green scales. (AC +2)
You are dopey. (Int -2)
Your flesh is heat resistant. (rF+)
You passively map a small area around you.


Message History

You hit the enormous slime creature.
The enormous slime creature is severely wounded.
The enormous slime creature closely misses you.
You hit the enormous slime creature.
The enormous slime creature is severely wounded.
You completely miss the enormous slime creature.
The enormous slime creature is severely wounded.
The enormous slime creature hits you!
You hit the enormous slime creature.
The enormous slime creature is severely wounded.
Okay, then.
Okay, then.
A red film seems to cover your vision as you go berserk!
You feel yourself moving faster!
You feel mighty! The enormous slime creature misses you.
You puncture the enormous slime creature!
The enormous slime creature is severely wounded.
The enormous slime creature hits you!!!
Ouch! That really hurt!
You die...

############ #..........#
##################.########.#
........##.......(..# #.#
##...#.##..####.#..# #.###
#......##..####.#..#######.##.
#..........OJ@................
*##..>....#..####....###.###.###
#............# #.#......# #.#
#.###.#...#.## #...###### #.# #
#.##.##.# ###.########.# #.
#.##.# #..........# ,, #.*#?...#
#.########## * #. .^#..? #(#
...... , #.#


You could see an enormous slime creature and an ogre.

Vanquished Creatures
  Harold (D:10)
  An unseen horror (D:11)
  A hill giant (D:10)
  An ugly thing (D:11)
  A cyclops (D:12)
  A deep elf mage (D:10)
  4 centaur skeletons
  2 trolls (D:10)
  3 slime creatures (D:10)
  A hornet (D:11)
  A two-headed ogre (D:9)
  5 hippogriffs
  A wyvern (D:11)
  18 yaks
  A human (D:10)
  A steam dragon (D:9)
  2 ice beasts
  3 orc warriors
  3 sky beasts
  An eye of draining (D:11)
  2 ogres (D:9)
  4 phantoms
  3 centaurs
  A crocodile (D:9)
  2 big kobolds
  7 bullfrogs
  2 wyvern zombies
  2 scorpions (D:5)
  5 howler monkeys
  4 centaur zombies
  6 crimson imps
  A bullfrog zombie (D:9)
  4 hounds
  2 jellies (D:8)
  3 orc priests
  4 iguanas
  7 orc wizards
  6 worker ants
  2 hound zombies
  8 adders
  7 gnolls
  A howler monkey skeleton (D:4)
  A shadow imp (D:5)
  4 oozes
  2 adder skeletons (D:6)
  2 worms
  2 dart slugs (D:1)
  10 leopard geckos
  40 orcs
  2 ball pythons (D:5)
  4 giant cockroaches
  12 goblins
  9 hobgoblins
  4 jackals (D:2)
  4 quokkas
  5 bats
  4 frilled lizards
  A giant cockroach zombie (D:5)
  19 kobolds
  A quokka zombie (D:6)
  4 rats
265 creatures vanquished.

Vanquished Creatures (others)
  A necrophage (D:10)
  A hound skeleton (D:10)
  An orc (D:10)
3 creatures vanquished.

Grand Total: 268 creatures vanquished

Notes
Turn   | Place    | Note
-------+----------+-------------------------------------------
     0 | D:1      | CanadianGator the Kobold Berserker began the quest for the Orb.
     0 | D:1      | Reached XP level 1. HP: 14/14 MP: 1/1
   154 | D:1      | Reached XP level 2. HP: 19/19 MP: 2/2
   158 | D:1      | Reached skill level 1 in Stealth
   437 | D:1      | Reached XP level 3. HP: 23/23 MP: 3/3
   539 | D:1      | Found a sparkling altar of Nemelex Xobeh.
  1052 | D:2      | Reached XP level 4. HP: 28/28 MP: 4/4
  1069 | D:2      | Reached ** piety under Trog
  1158 | D:2      | Reached skill level 2 in Stealth
  1297 | D:2      | Found a shattered altar of Ashenzari.
  1449 | D:2      | Reached XP level 5. HP: 33/33 MP: 5/5
  1597 | D:3      | Noticed a bullfrog
  1604 | D:3      | Killed a bullfrog
  1604 | D:3      | Reached skill level 5 in Short Blades
  1604 | D:3      | Reached skill level 3 in Stealth
  1763 | D:3      | Reached XP level 6. HP: 38/38 MP: 6/6
  1871 | D:3      | Reached *** piety under Trog
  1922 | D:3      | Reached skill level 4 in Stealth
  2634 | D:5      | Entered Level 5 of the Dungeon
  2754 | D:5      | Reached XP level 7. HP: 43/43 MP: 7/7
  2779 | D:5      | Reached skill level 5 in Dodging
  2783 | D:5      | Found a blossoming altar of Fedhas.
  2855 | D:5      | Reached skill level 5 in Stealth
  3236 | D:5      | Reached XP level 8. HP: 32/48 MP: 8/8
  3293 | D:5      | Gained mutation: You are partially covered in iridescent scales. (AC +2) [mutagenic meat]
  3344 | D:5      | Got a warped dagger
  3358 | D:5      | Reached skill level 6 in Stealth
  3524 | D:5      | Identified the +1 dagger of the Girdle {venom, rF++} (You found it on level 5 of the Dungeon)
  3799 | D:6      | Got an ichor-stained robe
  3810 | D:6      | Identified the cursed +1 robe of the Equator {MR+ rCorr Int+6} (You found it on level 6 of the Dungeon)
  3866 | D:6      | Found a burning altar of Makhleb.
  3870 | D:6      | Found a glowing silver altar of Zin.
  3871 | D:6      | Noticed an angel
  3871 | D:6      | Noticed an Executioner
  3955 | D:6      | Reached skill level 5 in Fighting
  4016 | D:6      | Reached **** piety under Trog
  4112 | D:6      | Reached skill level 7 in Stealth
  4818 | D:8      | Reached XP level 9. HP: 54/54 MP: 9/9
  5059 | D:8      | Noticed a hippogriff
  5062 | D:8      | Reached skill level 8 in Stealth
  5103 | D:8      | Killed a hippogriff
  5683 | D:9      | Found a staircase to the Lair.
  5710 | D:9      | Reached skill level 9 in Stealth
  5711 | D:9      | Reached XP level 10. HP: 37/60 MP: 10/10
  6043 | D:9      | Found a shimmering altar of Xom.
  6143 | D:9      | Reached skill level 10 in Short Blades
  6143 | D:9      | Reached skill level 10 in Stealth
  6159 | D:9      | Reached ***** piety under Trog
  6654 | D:9      | Found a radiant altar of Vehumet.
  6657 | D:9      | Found a shadowy altar of Dithmenos.
  6657 | D:9      | Found a snail-covered altar of Cheibriados.
  6657 | D:9      | Found a stormy altar of Qazlal.
  7000 | D:10     | Entered Level 10 of the Dungeon
  7000 | D:10     | Found Waffoepa's Food Shoppe.
  7042 | D:10     | Reached skill level 11 in Stealth
  7417 | D:10     | Noticed a hill giant
  7433 | D:10     | Killed a hill giant
  7433 | D:10     | Reached XP level 11. HP: 59/66 MP: 11/11
  7464 | D:10     | Reached skill level 10 in Dodging
  7832 | D:10     | Noticed Harold
  7860 | D:10     | Killed Harold
  7860 | D:10     | Reached skill level 12 in Stealth
  7906 | D:10     | Noticed a deep elf mage
  8143 | D:10     | Killed a deep elf mage
  8143 | D:10     | Reached skill level 5 in Armour
  8639 | D:10     | Found a portal to a secret trove of treasure.
  8925 | D:10     | Received a gift from Trog
  9563 | D:11     | Noticed a purple ugly thing
  9583 | D:11     | Killed an unseen horror
  9583 | D:11     | Reached XP level 12. HP: 73/73 MP: 12/12
  9602 | D:11     | Reached skill level 13 in Stealth
  9643 | D:11     | Found a staircase to the Orcish Mines.
  9979 | D:11     | Gained mutation: Your flesh is heat resistant. (rF+) [mutagenic meat]
  9980 | D:11     | Gained mutation: You are dopey. (Int -2) [mutagenic meat]
  9981 | D:11     | Gained mutation: You passively map a small area around you. [mutagenic meat]
  9982 | D:11     | Gained mutation: You are very dopey. (Int -4) [mutagenic meat]
  9983 | D:11     | Gained mutation: You are partially covered in slimy green scales. (AC +2) [mutagenic meat]
  9984 | D:11     | Lost mutation: You are very dopey. (Int -4) [mutagenic meat]
 10296 | D:12     | Demolished by an enormous slime creature

Skill      XL: |  1  2  3  4  5  6  7  8  9 10 11 12 |
---------------+-------------------------------------+-----
Stealth        | 1 2 3 4 5 7 9 11 12 13 | 13.4
Armour         | 2 3 4 5 |  5.7
Dodging        | 3 4 5 6 8 9 11 | 11.5
Short Blades   | 5 6 7 9 11 12 | 12.7
Fighting       | 4 5 6 7 8 |  8.0

Action                   |  1- 3 |  4- 6 |  7- 9 | 10-12 || total
-------------------------+-------+-------+-------+-------++-------
Melee: Short sword       |    60 |       |       |       ||    60
       Dagger            |    26 |   159 |   365 |   707 ||  1257
Invok: Berserk           |     2 |     1 |     4 |    11 ||    18
       Burn Spellbooks   |       |       |       |     2 ||     2
  Use: Scroll            |       |     5 |     3 |     9 ||    17
       Potion            |       |       |     4 |     4 ||     8
 Stab: Sleeping          |     2 |    17 |    15 |    17 ||    51
       Distracted        |       |     1 |     1 |     3 ||     5
       Invisible         |       |       |       |     3 ||     3
  Eat: Chunk             |    10 |     5 |    13 |    29 ||    57
Armor: Animal skin       |    16 |     7 |       |       ||    23
       Ring mail         |       |    12 |       |       ||    12
       Robe              |       |     4 |    54 |    68 ||   126
Dodge: Dodged            |    69 |    73 |   219 |   412 ||   773
